 Dungeon Crawl Stone Soup version 0.20-a0-526-g753eaab (webtiles) character file.

143 kae the Insei (level 5, -2/42 HPs)
             Began as a Draconian Transmuter on Jan 26, 2017.
             Killed by divine providence
             ... invoked by an orc priest
              (17 damage)
             ... on level 3 of the Dungeon.
             The game lasted 00:01:34 (2790 turns).

kae the Insei (Draconian Transmuter)                Turns: 2790, Time: 00:01:35

Health: -2/42      AC:  5    Str: 12    XL:     5   Next: 4%
Magic:  8/8        EV: 12    Int: 13    God:
Gold:   69         SH:  0    Dex: 13    Spells: 7/8 levels left

rFire    . . .     SeeInvis .   i - +1 whip (pain)
rCold    . . .     Gourm    .   (armour unavailable)
rNeg     . . .     Faith    .   (no shield)
rPois    .         Spirit   .   (helmet restricted)
rElec    .         Reflect  .   (no cloak)
rCorr    .         Harm     .   (no gloves)
MR       .....                  (no boots)
Stlth    +.........             (no amulet)
Regen    0.2/turn               (no ring)
                                (no ring)

@: no status effects
A: unfitting armour, cold-blooded, AC +5
a: no special abilities


You were on level 3 of the Dungeon.
You were very hungry.

You visited 1 branch of the dungeon, and saw 3 of its levels.

You collected 69 gold pieces.

Inventory:

Hand Weapons
 i - a +1 whip of pain (weapon)
Missiles
 a - 12 arrows
Scrolls
 d - 6 scrolls of identify {unknown}
 e - a scroll of random uselessness {unknown}
 g - a scroll of fear {unknown}
 h - a scroll of blinking {unknown}
 j - a scroll of magic mapping {unknown}
 m - a scroll of fog {unknown}
Potions
 f - 2 potions of heal wounds
 k - a potion of degeneration {unknown}
 l - a potion of cancellation {unknown}
 n - a potion of mutation {unknown}
Books
 b - a book of Changes

   Spells                             Type                      Level
   a - Beastly Appendage              Transmutation                1
   b - Sticks to Snakes               Transmutation                2
   c - Spider Form                    Transmutation/Poison         3
   d - Ice Form                       Ice/Transmutation            4
   e - Blade Hands                    Transmutation                5
Comestibles
 c - a bread ration


   Skills:
 + Level 2.3 Fighting
 - Level 1.7 Dodging
 * Level 5.0 Unarmed Combat
 - Level 2.0 Spellcasting
 + Level 2.8 Transmutations


You had 7 spell levels left.
You knew the following spells:

 Your Spells              Type           Power        Failure   Level  Hunger
a - Beastly Appendage     Tmut           #.....       10%         1    ##.....


Dungeon Overview and Level Annotations

Branches:
Dungeon (3/15)

Altars:
The Shining One


Innate Abilities, Weirdness & Mutations

Your plain brown scales are hard. (AC +5)
You cannot fit into any form of body armour.
You are cold-blooded and may be slowed by cold attacks.


Message History

The orc priest hits you.
You hit the orc priest but do no damage.
The orc priest hits you.
The orc priest hits you but does no damage.
You are feeling very hungry.
You hit the orc priest but do no damage.
The orc priest closely misses you.
You barely miss the orc priest.
The orc priest hits you but does no damage.
You hit the orc priest but do no damage.
You tail-slap the orc priest, but do no damage.
The orc priest hits you but does no damage.
You hit the orc priest.
The orc priest is lightly wounded.
The orc priest hits you but does no damage.
You hit the orc priest but do no damage.
The orc priest is lightly wounded.
The orc priest calls down the wrath of Beogh upon you.
Beogh smites you!
You die...

.........#
#........# .
###........##..
#............
#.........(#
#..........#
#?.....<...#
#.........<#
#...@......#
#..o.......#
#..........#
#........$.#
#..........#
#..........#
############


You could see an orc priest.

Vanquished Creatures
  2 orc priests (D:2)
  4 adders (D:2)
  An ooze (D:2)
  A worm (D:2)
  A dart slug (D:1)
  A leopard gecko (D:1)
  An orc (D:2)
  A ball python (D:1)
  3 giant cockroaches
  4 goblins
  7 hobgoblins
  4 bats
  A frilled lizard (D:2)
  3 kobolds (D:2)
  6 rats
40 creatures vanquished.

Notes
Turn   | Place    | Note
-------+----------+-------------------------------------------
     0 | D:1      | kae the Draconian Transmuter began the quest for the Orb.
     0 | D:1      | Reached XP level 1. HP: 16/16 MP: 3/3
   461 | D:1      | Reached XP level 2. HP: 23/23 MP: 5/5
  1061 | D:2      | Reached skill level 4 in Unarmed Combat
  1061 | D:2      | Reached XP level 3. HP: 14/29 MP: 6/6
  1901 | D:2      | Reached XP level 4. HP: 22/36 MP: 7/7
  2277 | D:2      | Found a glowing golden altar of the Shining One.
  2489 | D:2      | Reached skill level 5 in Unarmed Combat
  2489 | D:2      | Reached XP level 5. HP: 3/42 MP: 8/8
  2790 | D:3      | Killed from afar by an orc priest

Vault maps used:
D:1:      matt_arrival_refuge, patterned_corridor
D:2:      tso_altar, minmay_pentomino_v2
D:3:      cheibrodos_helix_gallery

Skill      XL: |  1  2  3  4 |
---------------+-------------+-----
Unarmed Combat | 4 5 |  5.0
Fighting       | 2 |  2.3
Dodging        | |  1.7
Spellcasting   | |  2.0
Transmutations | |  2.8

Action                   |  1- 3 |  4- 6 || total
-------------------------+-------+-------++-------
Melee: Unarmed           |    11 |       ||    11
       Whip              |   106 |    38 ||   144
       Tailslap          |    14 |     6 ||    20
       Kick              |     2 |       ||     2
       Punch             |     1 |     1 ||     2
 Cast: Beastly Appendage |     2 |       ||     2
  Use: Potion            |       |     1 ||     1
  Eat: Chunk             |     2 |     3 ||     5
Armor: Skin              |    39 |    16 ||    55
Dodge: Dodged            |    80 |    14 ||    94
